 Dungeon Crawl Stone Soup version 0.24-a0-471-g3302cd442e (webtiles) character file.

Game seed: 17349617832996172010

100 pk666 the Magician (level 4, -9/24 HPs)
             Began as a Deep Elf Wizard on July 4, 2019.
             Killed from afar by an orc wizard (10 damage)
             ... with a puff of flame
             ... on level 3 of the Dungeon.
             The game lasted 00:03:03 (2615 turns).

pk666 the Magician (Deep Elf Wizard)                Turns: 2615, Time: 00:03:04

Health: -9/24      AC:  2    Str:  4    XL:     4   Next: 47%
Magic:  2/13       EV: 13    Int: 24    God:
Gold:   101        SH:  0    Dex: 13    Spells: 4/13 levels left

rFire    . . .     SeeInvis .   h - +0 dagger
rCold    . . .     Gourm    .   (no shield)
rNeg     . . .     Faith    .   a - +0 robe
rPois    .         Spirit   .   b - +0 hat
rElec    .         Reflect  .   (no cloak)
rCorr    .         Harm     .   (no gloves)
MR       .....                  (no boots)
Stlth    ++........             (no amulet)
HPRegen  0.08/turn              (no ring)
MPRegen  0.13/turn              (no ring)

@: very slightly contaminated
A: no striking features
a: no special abilities


You were on level 3 of the Dungeon.
You were hungry.

You visited 1 branch of the dungeon, and saw 3 of its levels.

You collected 101 gold pieces.

Inventory:

Hand Weapons
 h - a +0 dagger (weapon)
Armour
 a - a +0 robe (worn)
 b - a +0 hat (worn)
Scrolls
 e - 2 scrolls of teleportation {unknown}
 f - 3 scrolls of identify {unknown}
 g - 3 scrolls of fog {unknown}
 k - a scroll of enchant weapon {unknown}
 l - a scroll of remove curse {unknown}
Potions
 c - a potion of agility {unknown}
 i - a potion of haste {unknown}
 j - a potion of might {unknown}
 m - a potion of lignification {unknown}
Comestibles
 d - 6 rations


   Skills:
 - Level 3.2 Dodging
 - Level 2.4 Stealth
 + Level 5.2 Spellcasting
 + Level 2.5 Conjurations
   Level 1.1 Summonings
 + Level 1.6 Translocations
 + Level 0.9 Fire Magic
 + Level 0.9 Air Magic
 + Level 1.1 Poison Magic


You had 4 spell levels left.
You knew the following spells:

 Your Spells              Type           Power        Failure   Level  Hunger
a - Magic Dart            Conj           ###.         3%          1    None
b - Blink                 Tloc           N/A          7%          2    None
c - Conjure Flame         Conj/Fire      ##......     13%         3    ##.....
d - Mephitic Cloud        Conj/Pois/Air  ##......     14%         3    ##.....

Your spell library contained the following spells:

 Spells                   Type           Power        Failure   Level  Hunger
 Call Imp                 Summ           ##......     9%          2    None
 Slow                     Hex            #.......     13%         2    None


Dungeon Overview and Level Annotations

Branches:
Dungeon (3/15)

Altars:
Nemelex Xobeh


Message History

The puff of frost hits you.
* * * LOW HITPOINT WARNING * * *
The orc wizard gestures wildly while chanting.
The orc wizard flickers and vanishes!
Deactivating autopickup; reactivate with Ctrl-A.
Casting: Magic Dart (safe; 3% risk of failure)
Confirm with . or Enter, or press ? or * to list all spells.
Aiming: Magic Dart (safe; 3% risk of failure)
Press: ? - help, Shift-Dir - straight line, f - orc
Aim: an orc, wielding a +0 mace and wearing a +0 chain mail The magic dart hits the orc.
The orc is heavily wounded.
The orc misses you.
Casting: Magic Dart (safe; 3% risk of failure)
Confirm with . or Enter, or press ? or * to list all spells.
You blink.
You hear some strange, mumbled words.
A puff of flame appears from out of thin air!
The puff of flame hits you!
You die...

.. .#.. ##.. .#. ###... ..
##.....# ##.# .
#########...##..# #..# ..
#.......... ...#
##.###.##. #.......>#
#.###......... #....†...#
#.@#....?..#
#...†<...######...{#.....#
#...†...........o..#.....#
#...♣♣♣...♣♣♣......#######
#..♣ #♣.♣# #♣.§.>.# ##.♣
♣.♣ ♣.....# #.♣# #♣.♣#
#♣.....#
#..♣♣♣.♣.♣♣♣......#
#.....♣♣♣.........#


You could see an orc.

Vanquished Creatures
  A howler monkey skeleton (D:2)
  An adder (D:2)
  2 oozes
  An adder skeleton (D:2)
  3 worms (D:2)
  2 dart slugs
  2 leopard geckos
  5 goblins
  7 hobgoblins
  3 jackals
  A quokka (D:2)
  7 bats
  3 frilled lizards
  5 kobolds
  17 rats
60 creatures vanquished.

Notes
Turn   | Place    | Note
-------+----------+-------------------------------------------
     0 | D:1      | pk666 the Deep Elf Wizard began the quest for the Orb.
     0 | D:1      | Reached XP level 1. HP: 10/10 MP: 7/7
   329 | D:1      | Reached XP level 2. HP: 15/15 MP: 3/9
  1051 | D:2      | Reached skill level 5 in Spellcasting
  1051 | D:2      | Reached XP level 3. HP: 18/19 MP: 1/11
  1165 | D:2      | Learned a level 2 spell: Blink
  1169 | D:2      | Learned a level 3 spell: Conjure Flame
  1173 | D:2      | Learned a level 3 spell: Mephitic Cloud
  1981 | D:2      | Reached XP level 4. HP: 24/24 MP: 7/13
  2157 | D:2      | Found a sparkling altar of Nemelex Xobeh.
  2291 | D:2      | Reached skill level 1 in Poison Magic
  2608 | D:3      | HP: 1/24 [orc wizard/puff of frost (5)]
  2615 | D:3      | Killed from afar by an orc wizard

Levels and vault maps discovered:
D:1:      minmay_arrival_solitary_statue, layout_loops_ring
D:2:      layout_basic, nemelex_altar_shiori
D:3:      layout_rooms, ashenzari_altar_1, grunt_temple_overflow_open,
          first_ration, gammafunk_ghost_cemetery, minmay_stone_trees_medium,
          hangedman_decor_riveting

Skill      XL: |  1  2  3  4 |
---------------+-------------+-----
Dodging        | 3 |  3.2
Conjurations   | 2 |  2.5
Spellcasting   | 5 |  5.2
Poison Magic   | 1 |  1.1
Stealth        | |  2.4
Summonings     | |  1.1
Translocations | |  1.6
Fire Magic     | |  0.9
Air Magic      | |  0.9

Action                   |  1- 3 |  4- 6 || total
-------------------------+-------+-------++-------
Melee: Dagger            |    10 |       ||    10
 Cast: Magic Dart        |   118 |    48 ||   166
       Blink             |       |     1 ||     1
  Eat: Chunk             |     2 |     2 ||     4
Armor: Robe              |     9 |     2 ||    11
Dodge: Dodged            |    21 |     5 ||    26

Table legend:
 A = Non-vault XP
 B = Vault XP
 C = Vault XP percentage of total XP
 D = Non-vault monster count
 E = Vault monster count
 F = Vault count percentage of total count
                 A         B        C        D         E       F
            +---------+---------+-------+---------+---------+-------
      Total |     144 |       0 |   0.0 |      60 |       0 |   0.0
            +---------+---------+-------+---------+---------+-------
        D:1 |      28 |       0 |   0.0 |      18 |       0 |   0.0
        D:2 |     101 |       0 |   0.0 |      36 |       0 |   0.0
        D:3 |      15 |       0 |   0.0 |       6 |       0 |   0.0
            +---------+---------+-------+---------+---------+-------
